 Dungeon Crawl Stone Soup version 0.21.1-1-g345015fe64 (webtiles) character file.

674 AAA992 the Chopper (level 7, -3/63 HPs)
             Began as a Minotaur Abyssal Knight on July 10, 2018.
             Was a Priest of Lugonu.
             Slain by a hornet (9 damage)
             ... while paralysed by a hornet
             ... on level 5 of the Dungeon.
             The game lasted 00:04:58 (3996 turns).

AAA992 the Chopper (Minotaur Abyssal Knight)        Turns: 3996, Time: 00:04:58

Health: -3/63      AC:  9    Str: 18    XL:     7   Next: 33%
Magic:  9/9        EV:  2    Int:  7    God:    Lugonu [***...]
Gold:   222        SH:  0    Dex: 10    Spells: 6/6 levels left

rFire    . . .     SeeInvis +   b - +0 war axe
rCold    . . .     Gourm    .   (no shield)
rNeg     . . .     Faith    .   o - +0 chain mail
rPois    +         Spirit   .   (helmet restricted)
rElec    .         Reflect  .   (no cloak)
rCorr    .         Harm     .   j - +0 pair of gloves
MR       .....                  (no boots)
Stlth    ..........             (no amulet)
HPRegen  0.20/turn              m - ring of poison resistance
MPRegen  0.11/turn              (no ring)

@: paralysed
A: retaliatory headbutt, horns 2, talons 1, see invisible, dopey 1, MP-powered
wands
a: Depart the Abyss, Bend Space, Banish, Renounce Religion


You were on level 5 of the Dungeon.
You worshipped Lugonu.
Lugonu was most pleased with you.
You were hungry.

You visited 1 branch of the dungeon, and saw 5 of its levels.
You visited the Abyss 1 time.

You collected 222 gold pieces.

Inventory:

Hand Weapons
 b - a +0 war axe (weapon)
Armour
 j - a +0 pair of gloves (worn)
 o - a +0 chain mail (worn)
Jewellery
 m - a ring of poison resistance (left hand)
Scrolls
 k - 3 scrolls of teleportation
 l - a scroll of remove curse
 n - a scroll of fear
Potions
 a - a potion of degeneration {unknown}
 d - 2 potions of cancellation
 e - 2 potions of ambrosia
 f - 4 potions of curing
 g - a potion of resistance {unknown}
 h - a potion of mutation
 i - a potion of invisibility {unknown}
Comestibles
 c - 6 rations


   Skills:
 + Level 6.0 Fighting
 * Level 7.2 Axes
 - Level 2.4 Armour
 - Level 1.1 Dodging
 + Level 4.2 Invocations


You had 6 spell levels left.
You didn't know any spells.

Dungeon Overview and Level Annotations

Branches:
Dungeon (5/15)             Temple (0/1) D:5

Altars:
Cheibriados
Elyvilon
Okawaru
Wu Jian
The Shining One


Innate Abilities, Weirdness & Mutations

You reflexively headbutt those who attack you in melee.
You have a pair of horns on your head.
You have sharp toenails.
You have supernaturally acute eyesight. (SInv)
You are dopey. (Int -2)
You expend magic power (3 MP) to strengthen your wands.


Message History

You are too injured to fight recklessly!
You are too injured to fight recklessly!
You are too injured to fight recklessly!
You closely miss the hornet. Your headbutt misses the hornet.
The hornet is heavily wounded.
You feel yourself speed up. The hornet stings you!
* * * LOW HITPOINT WARNING * * *
The hornet closely misses you.
Unknown command.
It was a potion of mutation.
You feel extremely strange.
You feel stupid.
You feel your magical essence link to your wands.
Your vision sharpens.
Your toenails lengthen and sharpen.
The hornet barely misses you. You furiously retaliate!
You headbutt the hornet. The hornet stings you!
* * * LOW HITPOINT WARNING * * *
You suddenly lose the ability to move!
The hornet stings you!
You die...

......#
...#..####
.####...
#####.##..(.#
.......#
..(.........#
#..###..
.........####
#.....
...........#
#...###
#######.####
#.#.# ###.#
..#..
#..####...#
....<.
......y@###
.####
.....?### ##
..... # ....
## ... .# ..
.# . ## #


You could see a hornet.

Vanquished Creatures
  Sigmund (D:5)
  An ogre (D:4)
  A centaur zombie (D:5)
  An orc priest (D:3)
  A bullfrog skeleton (D:5)
  4 worker ants
  2 orc wizards (D:5)
  A worker ant zombie (D:5)
  9 adders
  An ooze (D:2)
  3 worms
  A dart slug (D:4)
  3 leopard geckos
  7 orcs
  A ball python (D:2)
  4 bats
  6 giant cockroaches
  5 goblins
  9 hobgoblins
  10 jackals
  9 kobolds
  A quokka (D:3)
  9 frilled lizards
  A quokka skeleton (D:5)
  11 rats
102 creatures vanquished.

Notes
Turn   | Place    | Note
-------+----------+-------------------------------------------
     0 | Abyss:1  | AAA992 the Minotaur Abyssal Knight began the quest for the Orb.
     0 | Abyss:1  | Reached XP level 1. HP: 19/19 MP: 1/1
    34 | Abyss:1  | Noticed a small abomination
    48 | D:1      | Escaped the Abyss
   345 | D:1      | Reached * piety under Lugonu
   357 | D:1      | Reached XP level 2. HP: 27/27 MP: 2/2
   364 | D:1      | Reached skill level 3 in Axes
   923 | D:2      | Reached XP level 3. HP: 27/33 MP: 3/3
   931 | D:2      | Found an ornate altar of the Wu Jian Council.
  1266 | D:2      | Reached skill level 4 in Axes
  1273 | D:2      | Reached ** piety under Lugonu
  1901 | D:3      | Reached XP level 4. HP: 33/40 MP: 4/4
  2213 | D:3      | Found a glowing golden altar of the Shining One.
  2213 | D:3      | Found an iron altar of Okawaru.
  2477 | D:3      | Reached XP level 5. HP: 44/47 MP: 6/6
  2820 | D:4      | Reached skill level 5 in Axes
  3205 | D:4      | Noticed an ogre
  3212 | D:4      | Killed an ogre
  3212 | D:4      | Reached skill level 5 in Fighting
  3212 | D:4      | Reached XP level 6. HP: 43/56 MP: 7/7
  3352 | D:4      | Reached skill level 6 in Axes
  3553 | D:4      | Found a snail-covered altar of Cheibriados.
  3636 | D:5      | Entered Level 5 of the Dungeon
  3637 | D:5      | Found a staircase to the Ecumenical Temple.
  3662 | D:5      | Found a white marble altar of Elyvilon.
  3717 | D:5      | Reached *** piety under Lugonu
  3786 | D:5      | Noticed Sigmund
  3800 | D:5      | Killed Sigmund
  3800 | D:5      | Reached skill level 7 in Axes
  3800 | D:5      | Reached XP level 7. HP: 29/62 MP: 7/9
  3985 | D:5      | Noticed a hornet
  3995 | D:5      | Gained mutation: You are dopey. (Int -2) [potion of mutation]
  3995 | D:5      | Gained mutation: You expend magic power (3 MP) to strengthen your wands. [potion of mutation]
  3995 | D:5      | Gained mutation: You have supernaturally acute eyesight. (SInv) [potion of mutation]
  3995 | D:5      | Gained mutation: You have sharp toenails. [potion of mutation]
  3995 | D:5      | Paralysed by a hornet for 3 turns
  3996 | D:5      | Slain by a hornet

Skill      XL: |  1  2  3  4  5  6  7 |
---------------+----------------------+-----
Invocations    | 2 3 4 |  4.2
Axes           | 3 4 5 7 |  7.2
Fighting       | 4 5 6 |  6.0
Armour         | |  2.4
Dodging        | |  1.1

Action                   |  1- 3 |  4- 6 |  7- 9 || total
-------------------------+-------+-------+-------++-------
Melee: Hand axe          |    90 |    69 |       ||   159
       Headbutt          |    14 |    23 |     1 ||    38
       War axe           |       |    86 |    11 ||    97
Invok: Depart the Abyss  |     1 |       |       ||     1
  Use: Scroll            |     4 |     7 |       ||    11
       Potion            |       |     1 |     1 ||     2
  Eat: Chunk             |     2 |     7 |       ||     9
Armor: Leather armour    |    20 |       |       ||    20
       Chain mail        |     2 |    98 |     3 ||   103
Dodge: Dodged            |    42 |    60 |     5 ||   107
